[Event "Early-Titled-Tuesday-Blitz-April-16-2024"]
[Site "Chess.com"]
[Date "2024.04.16"]
[Round "4"]
[White "chezzgirl04"]
[Black "Nechitaylo_Nikita"]
[Result "1-0"]
[WhiteElo "2145"]
[BlackElo "2308"]
[TimeControl "180+1"]
[EndTime "8:39:22 PDT"]
[Termination "chezzgirl04 won on time"]

1. e4 c5 2. Nf3 d6 3. d4 cxd4 4. Nxd4 Nf6 5. Nc3 Nc6 6. Nb3 g6 7. Be2 Bg7 8. O-O O-O 9. Be3 Be6 10. Qd2 Rc8 11. Bh6 d5 12. Bxg7 Kxg7 13. exd5 Nxd5 14. Rad1 Ndb4 15. Qg5 Qc7 16. Nb5 Qe5 17. Qxe5+ Nxe5 18. c3 Nxa2 19. N3d4 Bc4 20. Ra1 Bxe2 21. Nxe2 Rc5 22. Na3 Nxc3 23. Nxc3 Nd3 24. Na4 Ra5 25. Rfd1 Rxa4 26. Rxd3 Rc8 27. Rd7 Rb4 28. Rd2 a6 29. g3 e5 30. Kg2 f5 31. Rad1 1-0

[Event "Early-Titled-Tuesday-Blitz-April-16-2024"]
[Site "Chess.com"]
[Date "2024.04.16"]
[Round "4"]
[White "Leo_C"]
[Black "DvaHrasta"]
[Result "1-0"]
[WhiteElo "2660"]
[BlackElo "2476"]
[TimeControl "180+1"]
[EndTime "8:39:23 PDT"]
[Termination "Leo_C won on time"]

1. e4 c6 2. Nf3 d5 3. Nc3 Bg4 4. h3 Bxf3 5. Qxf3 d4 6. Ne2 e5 7. Ng3 Nf6 8. Bc4 b5 9. Bb3 Nbd7 10. d3 Nc5 11. Bg5 a5 12. Bxf6 Qxf6 13. Qxf6 gxf6 14. a3 Nxb3 15. cxb3 Rg8 16. Kf1 Kd7 17. Nf5 a4 18. b4 c5 19. bxc5 Bxc5 20. Rc1 Rgc8 21. Ke2 b4 22. axb4 Bxb4 23. f4 Rab8 24. fxe5 fxe5 25.
Rhf1 Bf8 26. Rxc8 Rxb2+ 27. Kf3 Kxc8 28. Ng3 a3 29. Ne2 a2 30. Ra1 Rd2 31. Nc1 Rxd3+ 32.
Nxd3 1-0

[Event "Early-Titled-Tuesday-Blitz-April-16-2024"]
[Site "Chess.com"]
[Date "2024.04.16"]
[Round "4"]
[White "artin10862"]
[Black "Sanyura"]
[Result "1-0"]
[WhiteElo "2939"]
[BlackElo "2602"]
[TimeControl "180+1"]
[EndTime "8:39:24 PDT"]
[Termination "artin10862 won on time"]

1. Nf3 Nf6 2. e3 g6 3. d4 Bg7 4. Be2 O-O 5. O-O d6 6. c4 Nbd7 7. Nc3 e5 8. d5 a5 9. e4 Nc5 10. Qc2 Nh5 11. Bg5 f6 12. Be3 f5 13. Nd2 b6 14. Bxh5 gxh5 15. f3 h4 16. h3 Kh8 17.
Kh1 Bd7 18. b3 Rg8 19. a3 Qf6 20. b4 axb4 21. axb4 Na6 22. Qb2 Qg6 23. Rg1 Bh6 24.
Bxh6 Qxh6 25. Ne2 Qe3 26. Rae1 Rg7 27. Ng3 Qd4 28. Qxd4 exd4 29. Nxf5 Bxf5 30. exf5 Nxb4 31. Re4 d3 32. Rxh4 Ra2 33. Ne4 Rf7 34. g4 b5 35. g5 d2 36. f6 Nd3 37. g6 Rd7 38. f7 1-0

[Event "Early-Titled-Tuesday-Blitz-April-16-2024"]
[Site "Chess.com"]
[Date "2024.04.16"]
[Round "4"]
[White "Shivananda1964"]
[Black "LoruF"]
[Result "1-0"]
[WhiteElo "2353"]
[BlackElo "2519"]
[TimeControl "180+1"]
[EndTime "8:39:24 PDT"]
[Termination "Shivananda1964 won by checkmate"]

1. e4 e6 2. d4 b6 3. Bd3 Bb7 4. Nf3 Nf6 5. Qe2 d5 6. Nbd2 dxe4 7. Nxe4 Nbd7 8. O-O Be7 9. Re1 O-O 10. Neg5 Bd6 11.
Ne5 h6 12. Ngxf7 Rxf7 13. Nxf7 Kxf7 14. Qxe6+ Kf8 15. c4 Qe8 16. Qxe8+ Rxe8 17. Rxe8+ Kxe8 18. f3 Kf7 19. Bd2 c5 20. d5 Be5 21. Rb1 Bd4+ 22.
Kf1 Ne5 23. Be2 Bc8 24. g4 g5 25. h3 h5 26. b4 hxg4 27. hxg4 Kg6 28. a4 Ba6 29. b5 Bc8 30. a5 bxa5 31. Bxa5 Kf7 32.
b6 axb6 33. Rxb6 Nfd7 34. Rd6 Ke7 35. Rh6 Be3 36. Bc7 Kf7 37. Bd6 Ba6 38. Rh7+ Kg6 39. Re7 Kf6 40. Re6+ Kf7 41. Bxe5 Nf8 42. Rxa6 Ng6 43.
Ra7+ Ke8 44. Bd6 Nh4 45. Re7+ Kd8 46. Rxe3 Ng6 47. Re6 Nh4 48. Bxc5 Kd7 49. Be3 Kd8 50. c5 Kd7 51. c6+ Kd8 52. Bxg5+ Kc8 53. Bxh4 Kc7 54.
Bg3+ Kd8 55. Rf6 Kc8 56. d6 Kd8 57. Rf8# 1-0

[Event "Early-Titled-Tuesday-Blitz-April-16-2024"]
[Site "Chess.com"]
[Date "2024.04.16"]
[Round "4"]
[White "Vladimir_Zakhartsov"]
[Black "Hikaru"]
[Result "0-1"]
[WhiteElo "2934"]
[BlackElo "3276"]
[TimeControl "180+1"]
[EndTime "8:39:25 PDT"]
[Termination "Hikaru won by resignation"]

1. e4 a6 2. d4 e6 3. c4 d5 4. Nc3 dxc4 5. a4 Bb4 6. Bxc4 c5 7. Be3 Nf6 8. dxc5 Qxd1+ 9. Kxd1 Ng4 10. Ke2 Nxe3 11.
fxe3 Bxc3 12. bxc3 Nd7 13. c6 bxc6 14. a5 e5 15. Nf3 f6 16. Rhb1 Kd8 17. Nd2 Nc5 18. h3 Kc7 19. Bd3 Be6 20. Bc2 Rhb8 21. Rb4 Rb5 22.
Bd3 Rbb8 23. Rab1 Rd8 24. Bc2 Rab8 25. Rb6 Rxb6 26. Rxb6 Rb8 27. Rb4 Rb5 28. Rxb5 cxb5 29. g4 Nb7 30. Bb3 Bd7 31. Bg8 h5 32. Nb3 hxg4 33. hxg4 Bxg4+ 34. Kd3 Kd6 35. c4 Nc5+ 36. Kc3 Nxb3 37. cxb5 Nc5 38. Kb4 Be2 39. b6 Bf3 40. Bd5 g5 41. b7 Nxb7 42. Bxb7 g4 43. Bxa6 g3 44. Bf1 g2 45. Bxg2 Bxg2 46. a6 Bxe4 47. a7 Ba8 0-1

[Event "Early-Titled-Tuesday-Blitz-April-16-2024"]
[Site "Chess.com"]
[Date "2024.04.16"]
[Round "4"]
[White "TenisMaster"]
[Black "Polish_fighter3000"]
[Result "1-0"]
[WhiteElo "2935"]
[BlackElo "3153"]
[TimeControl "180+1"]
[EndTime "8:39:25 PDT"]
[Termination "TenisMaster won by resignation"]

1. e4 c6 2. d4 d5 3. e5 Bf5 4. Nf3 e6 5. c3 c5 6. Be3 Qb6 7.
Qa4+ Nc6 8. Bb5 a6 9. Bxc6+ bxc6 10. Qb3 Qa7 11. dxc5 Bxc5 12. Bxc5 Qxc5 13. Qb7 Rd8 14.
Qxa6 Nh6 15. Nd4 O-O 16. b4 Qe7 17. O-O Ra8 18. Qe2 c5 19. Nc6 Qb7 20. b5 Ra4 21.
Nd2 Rfa8 22. Nb3 Qb6 23. h3 Bg6 24. g4 Kh8 25. Kh2 Ng8 26. f4 Be4 27. f5 c4 28.
Nbd4 Bd3 29. Qe3 Bxf1 30. Rxf1 Rxa2+ 31. Kg3 exf5 32. gxf5 Qc7 33. Qf3 Rb2 34. Qxd5 Ra3 35. Qd8 h6 36. Qxc7 1-0

[Event "Early-Titled-Tuesday-Blitz-April-16-2024"]
[Site "Chess.com"]
[Date "2024.04.16"]
[Round "4"]
[White "Anton_Demchenko"]
[Black "karinachess1"]
[Result "1-0"]
[WhiteElo "3008"]
[BlackElo "2609"]
[TimeControl "180+1"]
[EndTime "8:39:25 PDT"]
[Termination "Anton_Demchenko won by resignation"]

1. e4 e5 2. Nf3 Nc6 3. Bc4 Nf6 4. d3 h6 5. c3 d6 6. O-O g5 7. Bb3 Bg7 8. Na3 O-O 9. Nc4 Be6 10. Ne3 d5 11. Qc2 Qd7 12. Ba4 Qd6 13. exd5 Nxd5 14. Nc4 Qd8 15. Bxc6 bxc6 16. Nfxe5 Qf6 17. d4 Nf4 18.
Bxf4 Qxf4 19. Rae1 Rad8 20. Nd3 Qf5 21. Ne3 Qg6 22.
Rd1 Rb8 23. b3 Bd5 24. Nc5 Qxc2 25. Nxc2 Rfe8 26. Rfe1 Rbd8 27. Nb4 Bf6 28. f3 Kg7 29. Kf2 Rxe1 30. Rxe1 h5 31. Nbd3 h4 32. Ne5 Rd6 33.
Ned7 Be6 34. Nxf6 Kxf6 35. Ne4+ Ke7 36. Nxd6 cxd6 37. c4 Kd7 38. Ke3 f6 39. g3 hxg3 40. hxg3 c5 41. d5 Bf5 42. g4 Bg6 43. Rh1 Kc7 44.
Rh8 Bb1 45. Kd2 Bxa2 46. Kc2 a5 47. Kb2 1-0

[Event "Early-Titled-Tuesday-Blitz-April-16-2024"]
[Site "Chess.com"]
[Date "2024.04.16"]
[Round "4"]
[White "RamonManon0g"]
[Black "Binary010"]
[Result "1-0"]
[WhiteElo "2441"]
[BlackElo "2775"]
[TimeControl "180+1"]
[EndTime "8:39:25 PDT"]
[Termination "RamonManon0g won by resignation"]

1. e4 c5 2. Nf3 e6 3. g3 d5 4. exd5 exd5 5. d4 Nf6 6. Bg2 Be7 7. dxc5 O-O 8. O-O Bxc5 9. Bg5 h6 10. Bxf6 Qxf6 11.
Nc3 Nc6 12. Qxd5 Bb6 13. Rad1 Be6 14. Qb5 Rad8 15. Na4 Bg4 16. Nxb6 Bxf3 17. Bxf3 Qxf3 18. Nd7 Rfe8 19. Qxb7 Re7 20. Rd3 Qe4 21. Re3 Qd5 22. Rxe7 Nxe7 23. Nf6+ gxf6 24. Qxe7 Rd6 25. Qxa7 Kg7 26.
a3 Qc4 27. c3 Rd2 28. Qb6 Qe2 29. b4 Rc2 30. Qd4 Ra2 31. Rc1 Rd2 32. Qe3 Qxe3 33. fxe3 Ra2 34. c4 Rxa3 35. c5 Rxe3 36. c6 Re8 37. c7 Rc8 38. b5 1-0

[Event "Early-Titled-Tuesday-Blitz-April-16-2024"]
[Site "Chess.com"]
[Date "2024.04.16"]
[Round "4"]
[White "JonSnowNW1"]
[Black "BashirliSaadat"]
[Result "1-0"]
[WhiteElo "2540"]
[BlackElo "2342"]
[TimeControl "180+1"]
[EndTime "8:39:25 PDT"]
[Termination "JonSnowNW1 won by checkmate"]

1. c4 e6 2. e4 d5 3. cxd5 exd5 4.
exd5 Qxd5 5. Nc3 Qd8 6. d4 Nf6 7. Nf3 Be7 8. Bc4 O-O 9. O-O c5 10. d5 Bg4 11. Bf4 Bd6 12. Bxd6 Qxd6 13. Qd3 a6 14. a4 Nbd7 15. Nd2 Ne5 16. Qg3 Rad8 17. Nde4 Nxe4 18. Nxe4 Qb8 19. Ba2 Bf5 20. Nxc5 Rfe8 21.
Rac1 b6 22. Nxa6 Qa7 23. Nc7 Re7 24. Qg5 f6 25. Qxf5 Rxc7 26. Rxc7 Qxa4 27. Qe6+ Kh8 28.
Rc8 Nf7 29. Bb3 Qb5 30. d6 h6 31. Rxd8+ Nxd8 32. Qg8# 1-0

[Event "Early-Titled-Tuesday-Blitz-April-16-2024"]
[Site "Chess.com"]
[Date "2024.04.16"]
[Round "4"]
[White "Navyblue1"]
[Black "ChessSwole"]
[Result "0-1"]
[WhiteElo "2272"]
[BlackElo "2688"]
[TimeControl "180+1"]
[EndTime "8:39:25 PDT"]
[Termination "ChessSwole won on time"]

1. d4 d5 2. c4 e6 3. Nc3 Nf6 4. cxd5 Nxd5 5. e4 Nxc3 6. bxc3 c5 7. Nf3 cxd4 8. cxd4 Bb4+ 9. Bd2 Bxd2+ 10. Qxd2 O-O 11.
Bc4 b6 12. O-O Bb7 13. Rfe1 Nd7 14. Rad1 Rc8 15. Bb3 Re8 16. h3 h6 17. Qf4 Qf6 18.
Qg4 Rc3 19. d5 Nc5 20. e5 Qe7 21. d6 Qd7 22. Nd4 a5 23. Rc1 Rxc1 24. Rxc1 a4 25.
Bc4 Bc6 26. Nxc6 Qxc6 27. Be2 Qd5 28. Qf4 Qxa2 29. Bb5 Rd8 30. Rc3 Qa1+ 31. Rc1 Qb2 0-1

[Event "Early-Titled-Tuesday-Blitz-April-16-2024"]
[Site "Chess.com"]
[Date "2024.04.16"]
[Round "4"]
[White "shirovin"]
[Black "Shiner22"]
[Result "0-1"]
[WhiteElo "2050"]
[BlackElo "2320"]
[TimeControl "180+1"]
[EndTime "8:39:25 PDT"]
[Termination "Shiner22 won on time"]

1. e4 c5 2. Nf3 Nc6 3. d4 cxd4 4. Nxd4 e5 5. Nb5 a6 6. Nd6+ Bxd6 7. Qxd6 Qf6 8. Qd1 Qg6 9. Nc3 d5 10. Nxd5 Qxe4+ 11. Be2 Nd4 12. Nc7+ Ke7 13. Nxa8 Nxc2+ 14. Kf1 Nxa1 15.
Nb6 Nf6 16. Bg5 Nc2 17. Bd3 Qc6 18. Bxf6+ gxf6 19. Qxc2 Qxb6 20. Ke2 Bg4+ 21. f3 Rc8 22. Qd2 Be6 23. b3 f5 24. Rc1 Rxc1 25. Qxc1 Qb4 26.
Qd2 Qd4 27. Qc2 Kf6 28. Bc4 Qg1 29. Bxe6 Qxg2+ 30. Kd3 Qxf3+ 31. Kc4 Qc6+ 32. Kd3 e4+ 33. Kd2 Qxc2+ 34. Kxc2 Kxe6 0-1

[Event "Early-Titled-Tuesday-Blitz-April-16-2024"]
[Site "Chess.com"]
[Date "2024.04.16"]
[Round "4"]
[White "Aradhya2000"]
[Black "maximnovik"]
[Result "1-0"]
[WhiteElo "2765"]
[BlackElo "2559"]
[TimeControl "180+1"]
[EndTime "8:39:27 PDT"]
[Termination "Aradhya2000 won on time"]

1. d4 Nf6 2. c4 g6 3. g3 d5 4. cxd5 Nxd5 5. Bg2 Bg7 6. e4 Nb4 7. d5 c6 8. Ne2 cxd5 9. exd5 Bf5 10. O-O O-O 11. Na3 Nd3 12. Nc3 Na6 13. g4 Bxg4 14. Qxg4 Rc8 15. Qe2 Nab4 16. Nc2 Nxc1 17. Raxc1 Bxc3 18.
bxc3 Nxa2 19. Rce1 Nxc3 20. Qxe7 Nxd5 21. Qxb7 Nf4 22.
Ne3 Qg5 23. Kh1 a5 24. Rb1 Rc3 25. Rb5 Rc5 26. Rxc5 Qxc5 27. Qe4 Qg5 28. h3 Rd8 29. Ng4 h5 30. Qe5 Qxe5 31. Nxe5 Nxg2 32. Kxg2 a4 33.
Ra1 1-0

[Event "Early-Titled-Tuesday-Blitz-April-16-2024"]
[Site "Chess.com"]
[Date "2024.04.16"]
[Round "4"]
[White "albi1999"]
[Black "Viktoker"]
[Result "1-0"]
[WhiteElo "2648"]
[BlackElo "2449"]
[TimeControl "180+1"]
[EndTime "8:39:27 PDT"]
[Termination "albi1999 won by resignation"]

1. d4 f5 2. h4 Nf6 3. h5 e6 4. Nc3 Bb4 5. e3 d5 6. Ne2 c5 7.
a3 Ba5 8. dxc5 Nc6 9. b4 Bc7 10.
Bb2 a6 11. Nf4 Qe7 12. Na4 e5 13. Nxd5 Nxd5 14. Qxd5 Be6 15. Qf3 Rd8 16. Be2 O-O 17. Qh3 Qd7 18. Rd1 Qf7 19. O-O e4 20. Qh4 Ne5 21. Nb6 Nc6 22. Bc3 f4 23. Bg4 Rxd1 24.
Rxd1 fxe3 25. fxe3 Bxg4 26. Qxg4 Qf2+ 27. Kh1 Ne5 28. Qe6+ Kh8 29. Bxe5 Qh4+ 30. Qh3 Qxh3+ 31. gxh3 Bxe5 32. Nd7 1-0

[Event "Early-Titled-Tuesday-Blitz-April-16-2024"]
[Site "Chess.com"]
[Date "2024.04.16"]
[Round "4"]
[White "IPAchess"]
[Black "noblerone"]
[Result "1-0"]
[WhiteElo "2369"]
[BlackElo "2539"]
[TimeControl "180+1"]
[EndTime "8:39:27 PDT"]
[Termination "IPAchess won by resignation"]

1. d4 d5 2. c4 c6 3. Nf3 Nf6 4. e3 Bg4 5. Qb3 Qb6 6. Nh4 Nbd7 7. h3 Bh5 8. Nc3 e6 9. g4 Bg6 10. Nxg6 hxg6 11. Bg2 Bd6 12. f4 Qb4 13. c5 Qxb3 14.
axb3 Bc7 15. b4 O-O 16. b5 Rfb8 17. b4 cxb5 18. Nxb5 Bd8 19. Rxa7 Rxa7 20. Nxa7 Ra8 21. Nb5 Ra2 22. O-O Nb8 23. Nd6 b6 24. Rf2 Ra1 25.
Rc2 Nc6 26. cxb6 Nxb4 27. Rc8 Kh7 28. Nxf7 Rxc1+ 29. Rxc1 Bxb6 30. Rc8 Ng8 31. Ng5+ Kh6 32. Nxe6 Nc2 33. Rxc2 Nf6 34. g5+ Kh5 35. gxf6 gxf6 36. Bxd5 g5 37. fxg5 fxg5 38. Bf3+ g4 39. Bxg4+ Kh4 40.
Kg2 Bc7 41. Nxc7 1-0

[Event "Early-Titled-Tuesday-Blitz-April-16-2024"]
[Site "Chess.com"]
[Date "2024.04.16"]
[Round "4"]
[White "NusratAlo"]
[Black "Tsyhanchuk_Stanislav"]
[Result "1-0"]
[WhiteElo "1906"]
[BlackElo "2420"]
[TimeControl "180+1"]
[EndTime "8:39:27 PDT"]
[Termination "NusratAlo won on time"]

1. e4 e5 2. Nf3 Nc6 3. Bc4 Nf6 4.
d3 Bc5 5. O-O d6 6. Be3 Bg4 7.
Nbd2 h6 8. c3 g5 9. Qb3 Na5 10.
Qa4+ c6 11. Bxc5 dxc5 12. Qc2 Nxc4 13. dxc4 Qe7 14. Rad1 O-O-O 15. Rfe1 Bh5 16. Kh1 g4 17. Nh4 Nxe4 18. Qxe4 Qxh4 19. g3 Qg5 20. Qxe5 Bg6 21.
Qxg5 hxg5 22. Nb3 Rxd1 23. Rxd1 Bc2 24. Re1 Bxb3 25. axb3 Kd7 26. Re5 f6 27. Rxc5 Kd6 28.
Rf5 Ke6 29. Ra5 a6 30. Ra1 Rd8 31. Re1+ Kf5 32. Re2 b5 33. cxb5 cxb5 34. Kg2 1-0

[Event "Early-Titled-Tuesday-Blitz-April-16-2024"]
[Site "Chess.com"]
[Date "2024.04.16"]
[Round "4"]
[White "HansOnTwitch"]
[Black "platy3"]
[Result "1-0"]
[WhiteElo "3149"]
[BlackElo "2909"]
[TimeControl "180+1"]
[EndTime "8:39:29 PDT"]
[Termination "HansOnTwitch won by resignation"]

1. e4 c5 2. Nf3 e6 3. d4 cxd4 4. Nxd4 Nc6 5. Bf4 d6 6. Nxc6 bxc6 7. c4 Rb8 8. Qc2 Nf6 9. Nc3 e5 10. Be3 Qa5 11. Bd2 Qb6 12. b3 Be7 13. Be2 O-O 14. O-O a5 15. Be3 Qc7 16. h3 Be6 17.
Rac1 Rfc8 18. Rfd1 g6 19. Na4 Nd7 20. Qd2 Nc5 21.
Nxc5 dxc5 22. Bg4 Rd8 23. Qc3 Bxg4 24. hxg4 f6 25. g3 a4 26. bxa4 Ra8 27. Rxd8+ Qxd8 28.
Qb3 Rb8 29. Qc2 Qb6 30. Rd1 Qb2 31.
Qd3 Rd8 32. Qb3 Rb8 33. Qxb2 Rxb2 34. a3 Rb3 35. Rd7 Kf8 36. Kg2 Ke8 37. Ra7 Rc3 38. a5 Rxc4 39. a6 Ra4 40. Kf1 Rxa3 41. Rxe7+ Kd8 42.
Bxc5 Rxa6 43. Rxh7 Ra1+ 44. Kg2 Rc1 45. Be7+ Ke8 46. Bxf6 1-0

[Event "Early-Titled-Tuesday-Blitz-April-16-2024"]
[Site "Chess.com"]
[Date "2024.04.16"]
[Round "4"]
[White "Salem-AR"]
[Black "tsaruk_maks"]
[Result "1-0"]
[WhiteElo "3024"]
[BlackElo "2719"]
[TimeControl "180+1"]
[EndTime "8:39:29 PDT"]
[Termination "Salem-AR won on time"]

1. d4 f5 2. Nf3 Nf6 3. e3 e6 4.
Be2 b6 5. O-O Bb7 6. c4 g6 7. Nc3 Bg7 8. Ne5 d6 9. Nd3 O-O 10. f3 Nbd7 11. b4 a5 12. bxa5 Rxa5 13. a4 e5 14. Rb1 Qe7 15. Nf2 Re8 16. Bd2 exd4 17. exd4 Nh5 18. Re1 Bxd4 19. Nb5 Rxb5 20. cxb5 Qh4 21. Rf1 Ne5 22. Rb4 c5 23. bxc6 Nxc6 24.
Rc4 Nf4 25. Bxf4 Qxf4 26. Kh1 Qe3 27. Bd3 Ne5 28. Rc7 Bd5 29. Bc2 Qf4 30. Nh3 Qh4 31. Bb3 Bxb3 32. Qxb3+ Kh8 33. Qb5 Rf8 34. Qd5 Bc5 35. Qe6 Nd3 36. Qe7 Qxe7 37. Rxe7 Ra8 38.
Ng5 h6 39. Ne6 Rxa4 40. h3 Nf2+ 41. Kh2 Nd3 42. Rd1 Ne5 43. Nxc5 bxc5 44. Rxd6 1-0

[Event "Early-Titled-Tuesday-Blitz-April-16-2024"]
[Site "Chess.com"]
[Date "2024.04.16"]
[Round "4"]
[White "Ati1517"]
[Black "Rawnsdale"]
[Result "1/2-1/2"]
[WhiteElo "2227"]
[BlackElo "2499"]
[TimeControl "180+1"]
[EndTime "8:39:29 PDT"]
[Termination "Game drawn by repetition"]

1. e4 c6 2. d4 d5 3. Nc3 dxe4 4. Nxe4 Nf6 5. Nxf6+ exf6 6. Bc4 Bd6 7. Qe2+ Be7 8.
Nf3 O-O 9. Be3 Bg4 10. h3 Bxf3 11. gxf3 Qa5+ 12. Bd2 Bb4 13. c3 Bd6 14. O-O-O b5 15. Bb3 Nd7 16. Rhg1 Rae8 17. Qd3 Qc7 18. Bh6 Bf4+ 19.
Bxf4 Qxf4+ 20. Kb1 c5 21. Bc2 g6 22. dxc5 Nxc5 23. Qd5 Ne6 24. Rd3 Rd8 25. Qxb5 Rb8 26. Qd5 Rfd8 27. Qe4 Qh2 28. Rgd1 Rxd3 29. Rxd3 Qxf2 30.
Qe3 Qf1+ 31. Rd1 Qxh3 32. Qxa7 Rf8 33. Qe3 Qh5 34. Bb3 Nc5 35. Rd5 Qh1+ 36. Rd1 Qh5 37.
Rd5 Qh1+ 38. Rd1 Qh5 1/2-1/2

[Event "Early-Titled-Tuesday-Blitz-April-16-2024"]
[Site "Chess.com"]
[Date "2024.04.16"]
[Round "4"]
[White "Agibileg"]
[Black "stolencandy13"]
[Result "1-0"]
[WhiteElo "2761"]
[BlackElo "2554"]
[TimeControl "180+1"]
[EndTime "8:39:30 PDT"]
[Termination "Agibileg won by resignation"]

1. d4 Nf6 2. c4 c5 3. d5 e6 4.
Nc3 exd5 5. cxd5 d6 6. e4 g6 7. Bd3 a6 8. a4 Bg7 9. h3 Nbd7 10. Nf3 Nh5 11. Bg5 Bf6 12. Be3 Ne5 13. Be2 Nxf3+ 14. Bxf3 Ng7 15. Bf4 O-O 16. O-O Qe7 17. Re1 Be5 18.
Bxe5 Qxe5 19. a5 Bd7 20. Bg4 Bxg4 21. hxg4 Rae8 22. Na4 h5 23. Rb1 Qg5 24. gxh5 Nxh5 25. Nb6 Kg7 26. Qf3 Rh8 27. g3 Nf6 28. Kg2 Ng4 29. Rh1 Ne5 30. Qc3 Qf6 31. f4 Ng4 32. Kf3 Nh2+ 33. Kg2 Ng4 34. Rxh8 Rxh8 35. Qxf6+ Nxf6 36. e5 dxe5 37. fxe5 Ng4 38. Re1 f5 39. d6 Rh2+ 40.
Kg1 Rd2 41. d7 Kf7 42. e6+ Ke7 43. Nc8+ Kf6 44. e7 Ne5 45. Rxe5 Kxe5 46. e8=Q+ Kd4 47.
d8=Q+ 1-0

[Event "Early-Titled-Tuesday-Blitz-April-16-2024"]
[Site "Chess.com"]
[Date "2024.04.16"]
[Round "4"]
[White "JonasEilenberg"]
[Black "Roosters19"]
[Result "1-0"]
[WhiteElo "2625"]
[BlackElo "2321"]
[TimeControl "180+1"]
[EndTime "8:39:30 PDT"]
[Termination "JonasEilenberg won by resignation"]

1. d4 Nf6 2. c4 c5 3. d5 b5 4. Qc2 bxc4 5. e4 e6 6. Bxc4 exd5 7. exd5 d6 8. Nc3 Nbd7 9. Nf3 Be7 10. O-O Nb6 11. b3 O-O 12. Bb2 Nxc4 13. bxc4 Rb8 14.
Rab1 Bg4 15. Qd3 Qd7 16. Nh4 Rfe8 17. h3 Bh5 18. Rfe1 Bf8 19. Rxe8 Rxe8 20. g4 Bg6 21.
Nxg6 hxg6 22. Ne2 Nh7 23. Ng3 Be7 24. Kg2 Rb8 25. Bc3 Rxb1 26. Qxb1 Qc7 27. Qb5 Bf8 28. Ne4 f5 29. Ng3 Qf7 30. gxf5 gxf5 31. f4 g5 32. Qb1 gxf4 33. Nxf5 Ng5 34. h4 f3+ 35. Kh2 Nh7 36.
Qg1+ Bg7 37. Nh6+ Kf8 38. Nxf7 1-0

[Event "Early-Titled-Tuesday-Blitz-April-16-2024"]
[Site "Chess.com"]
[Date "2024.04.16"]
[Round "4"]
[White "AradNazari"]
[Black "h4parah5"]
[Result "0-1"]
[WhiteElo "2700"]
[BlackElo "3000"]
[TimeControl "180+1"]
[EndTime "8:39:31 PDT"]
[Termination "h4parah5 won by checkmate"]

1. e4 c5 2. Nf3 Nc6 3. Bb5 e6 4. Bxc6 bxc6 5. O-O Ne7 6. c3 d5 7. Re1 Ng6 8. d4 Be7 9. b3 cxd4 10. cxd4 O-O 11. Ba3 dxe4 12. Bxe7 Qxe7 13. Rxe4 Bb7 14.
Re3 c5 15. dxc5 Qxc5 16. Nbd2 Rfd8 17. Rc1 Qa5 18. Rc2 Rd7 19. Qc1 Rad8 20. Re1 Nf4 21. Nc4 Qf5 22. Nce5 Bxf3 23. Rc8 Qg5 24. g3 Nh3+ 25. Kf1 Qxc1 26. Rexc1 Bb7 27. Rxd8+ Rxd8 28. Rc7 Be4 29. f3 f6 30. Nf7 Rf8 31. Nd6 Bxf3 32. Rxa7 Rd8 33. Nb5 Rd1# 0-1

[Event "Early-Titled-Tuesday-Blitz-April-16-2024"]
[Site "Chess.com"]
[Date "2024.04.16"]
[Round "4"]
[White "FaustinoOro"]
[Black "Susal_De_Silva"]
[Result "0-1"]
[WhiteElo "2939"]
[BlackElo "2687"]
[TimeControl "180+1"]
[EndTime "8:39:31 PDT"]
[Termination "Susal_De_Silva won on time"]

1. e4 e5 2. Nf3 Nc6 3. Bc4 Nf6 4.
d3 h6 5. c3 d6 6. Nbd2 g5 7.
O-O g4 8. Ne1 h5 9. f4 exf4 10.
Rxf4 Bh6 11. Rf1 Be6 12. Bxe6 fxe6 13. d4 Qe7 14. Qe2 O-O-O 15. Nc4 Bxc1 16. Rxc1 Nxe4 17. Qxe4 d5 18. Qe2 dxc4 19. Qxc4 e5 20. d5 Nb8 21. Nc2 Nd7 22. Ne3 Nb6 23. Qe4 Rhf8 24. b4 Qg5 25. g3 h4 26. Qxg4+ Qxg4 27. Nxg4 hxg3 28. hxg3 Rg8 29. Nxe5 Rxd5 30. Nf3 Rxg3+ 31. Kf2 Rg8 32. Rfd1 Rf5 33. c4 Nd7 34. Rd5 Rf7 35. Rcd1 c6 36. Rh5 Nf6 37. Rh4 Ng4+ 38. Rxg4 Rxg4 39. Rc1 Rff4 0-1

[Event "Early-Titled-Tuesday-Blitz-April-16-2024"]
[Site "Chess.com"]
[Date "2024.04.16"]
[Round "4"]
[White "Aryan_Tamadon"]
[Black "Herzog2012"]
[Result "0-1"]
[WhiteElo "2648"]
[BlackElo "2535"]
[TimeControl "180+1"]
[EndTime "8:39:31 PDT"]
[Termination "Herzog2012 won on time"]

1. Nf3 Nf6 2. e3 e6 3. d4 c5 4. Bd3 b6 5. O-O Bb7 6. Nbd2 Be7 7. b3 O-O 8. Bb2 d6 9. c3 Nbd7 10. e4 Re8 11. Qe2 Bf8 12. a4 a6 13.
e5 Nd5 14. g3 cxd4 15. cxd4 dxe5 16. dxe5 Nc5 17. Bc4 Rc8 18. Rfd1 Qc7 19. Rac1 Qb8 20. Bd4 Qa8 21. Bxc5 Bxc5 22. Bd3 g6 23. Ne4 Red8 24. Nxc5 Rxc5 25. Bc4 b5 26. axb5 axb5 27. Ra1 Nc3 28. Rxd8+ Qxd8 29. Qe3 bxc4 30. Qxc3 Qd5 31. Kg2 cxb3 32.
Qe3 b2 33. Rb1 Rb5 34. g4 Rb3 0-1

[Event "Early-Titled-Tuesday-Blitz-April-16-2024"]
[Site "Chess.com"]
[Date "2024.04.16"]
[Round "4"]
[White "Koalaskakistis"]
[Black "vovachesss"]
[Result "1-0"]
[WhiteElo "2575"]
[BlackElo "2759"]
[TimeControl "180+1"]
[EndTime "8:39:32 PDT"]
[Termination "Koalaskakistis won on time"]

1. c4 c6 2. d4 d5 3. Nf3 Nf6 4. Nc3 dxc4 5. a4 Bf5 6. Ne5 Nbd7 7. Nxc4 Nb6 8. Nxb6 axb6 9. e3 e5 10. Bd3 Bxd3 11.
Qxd3 exd4 12. exd4 Bb4 13. O-O O-O 14. Bg5 Qd6 15.
Rfe1 h6 16. Bh4 Rfe8 17. Bg3 Qd7 18. Be5 Nd5 19. Nxd5 Qxd5 20. Qg3 f6 21. Bxf6 Rxe1+ 22. Rxe1 Qf7 23. Re6 Kf8 24. Qe5 Kg8 25. Qg3 Rxa4 26. h4 Bf8 27. d5 cxd5 28. Rxb6 h5 29. b3 Rg4 30. Qe5 gxf6 31. Rxf6 Qe7 32. Qxd5+ Kg7 33.
Re6 Qf7 34. Qe5+ 1-0

[Event "Early-Titled-Tuesday-Blitz-April-16-2024"]
[Site "Chess.com"]
[Date "2024.04.16"]
[Round "4"]
[White "UmarovSabir"]
[Black "Manukyan_Artak"]
[Result "0-1"]
[WhiteElo "2305"]
[BlackElo "2509"]
[TimeControl "180+1"]
[EndTime "8:39:32 PDT"]
[Termination "Manukyan_Artak won on time"]

1. e4 c6 2. d4 d5 3. Bd3 dxe4 4. Bxe4 Nf6 5. Bf3 Bf5 6. Ne2 e6 7. O-O Be4 8. Bxe4 Nxe4 9. Re1 Be7 10. Nf4 Nf6 11.
c4 O-O 12. Nc3 Nbd7 13. d5 exd5 14. cxd5 Bb4 15. dxc6 bxc6 16. Qc2 Nb6 17. Bd2 a5 18. Rad1 Re8 19. Nd3 Bd6 20. Bf4 Bxf4 21. Rxe8+ Qxe8 22. Nxf4 Rd8 23. g3 h5 24. h3 h4 25. g4 Nbd5 26. Ng2 Nb4 27. Rxd8 Qxd8 28. Qd1 Qxd1+ 29. Nxd1 Nxa2 30. Nxh4 Nb4 31. Nf3 Nfd5 32. Kf1 a4 33. h4 Nd3 34. h5 Nxb2 0-1

[Event "Early-Titled-Tuesday-Blitz-April-16-2024"]
[Site "Chess.com"]
[Date "2024.04.16"]
[Round "4"]
[White "GreenPeach24"]
[Black "osielchesslover2011"]
[Result "1-0"]
[WhiteElo "2450"]
[BlackElo "2086"]
[TimeControl "180+1"]
[EndTime "8:39:32 PDT"]
[Termination "GreenPeach24 won by checkmate"]

1. e4 c5 2. Nf3 d6 3. Bb5+ Nd7 4.
c3 a6 5. Ba4 Nf6 6. Bc2 e6 7. d4 cxd4 8. cxd4 Qc7 9. a4 Be7 10.
O-O b6 11. Nc3 Bb7 12. Bf4 Rc8 13. Rc1 Qb8 14. Qe2 Qa8 15. Rfe1 O-O 16. h3 Rfd8 17.
Bd3 Nf8 18. Bg3 Ng6 19. Nd2 h6 20. f4 Bf8 21. Kh2 Ne7 22. Nf3 Nc6 23. Bh4 Be7 24. g4 Nb4 25. Bb1 Rd7 26. Rg1 Rdc7 27. Rce1 Bd8 28.
g5 Nh5 29. Rg4 hxg5 30. Bxg5 Bxg5 31. Nxg5 g6 32. Rh4 Nf6 33. Rg1 d5 34. e5 Ne4 35.
Ngxe4 dxe4 36. Qg4 Rxc3 37. bxc3 Rxc3 38. Qg5 Kf8 39.
Rh8+ Kg7 40. Qh6# 1-0